 Dungeon Crawl Stone Soup version 0.29.1-2-gbd0b4ee654 (webtiles) character file.

Game seed: 17951947607412541608

363 KittyFluff the Twirler (level 6, -5/57 HPs)
             Began as a Gargoyle Berserker on Nov 1, 2022.
             Was a Priest of Trog.
             Slain by an ogre
             ... wielding a +0 giant club
              (20 damage)
             ... on level 4 of the Dungeon.
             The game lasted 00:13:14 (2920 turns).

KittyFluff the Twirler (Gargoyle Berserker)         Turns: 2920, Time: 00:13:14

Health: -5/57      AC: 15    Str: 19    XL:     6   Next: 67%
Magic:  6/6        EV: 12    Int:  7    God:    Trog [***...]
Gold:   248        SH:  0    Dex: 11    Spells: 5/5 levels left

rFire   . . .      SeeInvis +   c - +3 quarterstaff
rCold   + + +      Faith    .   (shield currently unavailable)
rNeg    + . .      Spirit   .   u - +1 animal skin
rPois   ∞          Reflect  .   v - +0 helmet of Kindness {-Cast rC+++ Str-2 SInv}
rElec   +          Harm     .   q - +2 cloak
rCorr   .          Rampage  .   (no gloves)
Will    .....      NoCast   +   g - +2 pair of boots
Stlth   ..........              (no amulet)
HPRegen 0.19/turn               (no ring)
MPRegen 0.10/turn               (no ring)

@: berserking, very quick
A: sickness immunity, AC +4, negative energy resistance 1, electricity
resistance, torment resistance 1, petrification resistance
a: Renounce Religion, Berserk, Trog's Hand


You were on level 4 of the Dungeon.
You worshipped Trog.
Trog was most pleased with you.
You visited 1 branch of the dungeon, and saw 4 of its levels.

You collected 248 gold pieces.

Inventory:

Hand Weapons
 c - a +3 quarterstaff (weapon)
Missiles
 o - 3 poisoned darts (quivered)
Armour
 g - a +2 pair of boots (worn)
 l - a +2 leather armour of poison resistance
 q - a +2 cloak (worn)
 u - a +1 animal skin (worn)
 v - the +0 helmet of Kindness (worn) {-Cast rC+++ Str-2 SInv}
   (You took it off Robin on level 2 of the Dungeon)

   Str:       It affects your strength (-2).
   rC:        It renders you almost immune to cold.
   SInv:      It lets you see invisible.
   -Cast:     It prevents spellcasting.
Scrolls
 d - 2 scrolls of acquirement {unknown}
 h - 2 scrolls of fear {unknown}
 i - a scroll of enchant weapon {unknown}
 k - a scroll of torment {unknown}
 m - 2 scrolls of identify {unknown}
 n - a scroll of silence {unknown}
 r - a scroll of teleportation {unknown}
 s - a scroll of butterflies {unknown}
 t - a scroll of noise {unknown}
 w - a scroll of brand weapon {unknown}
 x - a scroll of immolation {unknown}
Potions
 a - 2 potions of magic {unknown}
 b - a potion of mutation {unknown}
 e - a potion of attraction {unknown}
 f - 3 potions of curing
 j - a potion of brilliance {unknown}
 z - a potion of lignification {unknown}


   Skills:
 + Level 4.0 Fighting
 + Level 3.1(4.5) Maces & Flails
 * Level 5.0(5.5) Staves
 * Level 3.3 Armour
 + Level 2.3 Dodging
 + Level 0.3 Stealth


You had 5 spell levels left.
You didn't know any spells.
Your spell library was empty.

Dungeon Overview and Level Annotations

Branches:
Dungeon (4/15)
 Temple: D:4-7

Altars:


Innate Abilities, Weirdness & Mutations

You are immune to sickness and miasma.
Your stone body is resilient. (AC +4)
You are immune to poison.
You resist negative energy. (rN+)
You are resistant to electric shocks. (rElec)
You are resistant to unholy torment.
You are immune to petrification.


Message History

The ball python hisses angrily.
You see here 10 gold pieces.
You now have 242 gold pieces (gained 10).
You closely miss the ball python.
The ball python bites you but does no damage.
The ball python grabs you. The ball python constricts you.
You sock the ball python!
You kill the ball python!
Trog accepts your kill.
You see here a ball python corpse.
Found a scroll labelled XAIFFUU BUTEAP.
A kobold comes into view. It is wielding a +0 whip.
The kobold shouts!
Found 6 gold pieces.
A hound comes into view.
The kobold barely misses you.
You barely miss the kobold. The kobold hits you with a +0 whip.
You thump the kobold!
You kill the kobold!
Trog accepts your kill.
Things that are here:
a +0 whip; a kobold corpse
Things that are here:
a +0 whip; a kobold corpse
Found a pair of boots.
An ogre comes into view. It is wielding a +0 giant club.
The ogre shouts!
You hear a bark!
You see here 6 gold pieces.
You now have 248 gold pieces (gained 6).
You hit the ogre.
The ogre is moderately wounded.
The ogre hits you with a +0 giant club!!
Ouch! That really hurt!
* * * LOW HITPOINT WARNING * * *
You sock the ogre!
The ogre is heavily wounded.
A red film seems to cover your vision as you go berserk!
You feel yourself moving faster!
You feel mighty!
The ogre hits you with a +0 giant club!!
You die...

#.# ## ##.########
.### #.........# ..#
##.######.# #.# #.#
.#.###
#.#####.####.#.#..
#.......)....#.#.#
#......#######.#.#
#@.............#.#
#O..?..###..####.#
#......##.........
........##.........
.[....#####....†.#..
...........>...#.#..
.....#.......##.#..
......#..........#..
#.......##....


You could see an ogre.

Vanquished Creatures
  Grinder (D:3)
  Crazy Yiuf (D:2)
  Terence (D:2)
  Robin (D:2)
  2 adders
  A dart slug (D:1)
  11 orcs
  7 bats
  6 endoplasms
  2 giant cockroaches (D:1)
  15 goblins
  6 hobgoblins
  2 quokkas (D:2)
  8 ball pythons
  2 frilled lizards
  3 kobolds
  3 rats (D:1)
72 creatures vanquished.

Notes
Turn   | Place    | Note
-------+----------+-------------------------------------------
     0 | D:1      | KittyFluff the Gargoyle Berserker began the quest for the
                  | Orb.
     0 | D:1      | Reached XP level 1. HP: 14/14 MP: 1/1
   375 | D:1      | Reached XP level 2. HP: 16/19 MP: 2/2
   779 | D:1      | Reached skill level 1 in Staves
  1028 | D:1      | Reached XP level 3. HP: 20/24 MP: 3/3
  1300 | D:2      | Noticed Terence
  1309 | D:2      | Killed Terence
  1310 | D:2      | Reached skill level 2 in Staves
  1481 | D:2      | Reached XP level 4. HP: 29/29 MP: 4/4
  1513 | D:2      | Reached ** piety under Trog
  1657 | D:2      | Found a runed translucent door.
  1658 | D:2      | Noticed Crazy Yiuf
  1665 | D:2      | Killed Crazy Yiuf
  1954 | D:2      | Found a faded altar of an unknown god.
  2090 | D:2      | Reached skill level 3 in Staves
  2090 | D:2      | Identified the +0 helmet of Kindness {-Cast rC+++ Str-2
                  | SInv}
  2090 | D:2      | Noticed Robin
  2094 | D:2      | Reached XP level 5. HP: 33/33 MP: 5/5
  2103 | D:2      | Killed Robin
  2499 | D:3      | Noticed Grinder
  2530 | D:3      | Killed Grinder
  2531 | D:3      | Reached skill level 4 in Staves
  2531 | D:3      | Reached XP level 6. HP: 30/38 MP: 6/6
  2654 | D:3      | Reached *** piety under Trog
  2655 | D:3      | Reached skill level 5 in Staves
  2920 | D:4      | Slain by an ogre

Illustrated notes

Levels and vault maps discovered:
D:1:      scummos_arrival_simple_fountains, layout_basic, minmay_small_reverse_x
D:2:      layout_loops_cross, shapermc_ecumenical_altar_venn, dk_vineyard_3,
          uniq_robin, uniq_crazy_yiuf_cottage, uniq_terence
D:3:      layout_rooms, uniq_grinder
D:4:      layout_basic, general_overflow_altar, nemelex_altar_shiori,
          minmay_misc_feat_more_columns, hangedman_decor_peaks_small,
          small_statue_alley_b, uniq_natasha

Skill      XL: |  1  2  3  4  5  6 |
---------------+-------------------+-----
Staves         | 1 2 3 4 5 |  5.0
Dodging        | 2 |  2.3
Fighting       | 4 |  4.0
Armour         | 3 |  3.3
Maces & Flails | |  3.1
Stealth        | |  0.3

Action                   |  1- 3 |  4- 6 || total
-------------------------+-------+-------++-------
Melee: Quarterstaff      |    75 |   121 ||   196
Throw: Dart              |       |     3 ||     3
Invok: Berserk           |     2 |     2 ||     4
Armor: Animal skin       |    29 |    63 ||    92
Dodge: Dodged            |    59 |    81 ||   140
